AoeStats
← Medieval

Black Forest

505531830Analyzed
1v1 RM · 23d ago on Sep 9, 2026· 15m 58s· 2 players
Game mode
Random Map
Map size
Tiny (2 player)
Population
200
Speed
Normal
Resources
Standard
Victory
Conquest
Starting age
Dark Age
Ending age
Imperial Age
RankedLock teamsTeams togetherTeam positionsShared explorationLock speedFull tech treeHidden civsTurbo modeCheats
Victory
Defeat
🇺🇸 Malians · United States
1182
+15
🇹🇷 Vietnamese · Türkiye
1160
-15
MacBadger
0:57 Loom
13:00 Feudal Age
14:38 Double-Bit Axe
14:34 Horse Collar
14:46 Stone Mining
14:48 Gold Mining
17:10 Castle Age
Medieval
11:02 Feudal Age
9:21 Loom
15:27 Castle Age
14:27 Double-Bit Axe
15:15 Horse Collar
Connection lost

Rejoining the realm…

Still unreachable

The connection could not be restored.

Session expired

The server has moved on; the page needs a fresh start.